 Dungeon Crawl Stone Soup version 0.32-a0-876-gcfddb08e57 (webtiles) character file.

Game seed: 14611416230019884355

22 PriceMaster the Sneak (level 2, 0/13 HPs)
             Began as a Spriggan Enchanter on Mar 31, 2024.
             Slain by a gnoll
             ... wielding a +0 spear
              (8 damage)
             ... on level 2 of the Dungeon.
             The game lasted 00:01:52 (1045 turns).

PriceMaster the Sneak (Spriggan Enchanter)          Turns: 1045, Time: 00:01:52

Health: 0/13       AC:  2    Str:  4    XL:     2   Next: 68%
Magic:  2/6        EV: 16    Int: 16    God:
Gold:   69         SH:  0    Dex: 15    Spells: 4/6 levels left

rFire   . . .        a - +1 dagger
rCold   . . .        (no shield)
rNeg    . . .        b - +0 robe
rPois   .            (helmet restricted)
rElec   .            (no cloak)
rCorr   .            (gloves unavailable)
SInv    +            (boots unavailable)
Will    .....        (no amulet)
Stlth   +++          (no ring)
HPRegen 0.22/turn    (no ring)
MPRegen 0.10/turn

%: no passive effects
@: invisible, very quick
A: very small, no large weapons, unfitting armour, see invisible, speed 3
a: no special abilities


You were on level 2 of the Dungeon.
You visited 1 branch of the dungeon, and saw 2 of its levels.

You collected 69 gold pieces.

Inventory:

Hand Weapons
 a - a +1 dagger (weapon)
Missiles
 n - 2 throwing nets
Armour
 b - a +0 robe (worn)
Scrolls
 d - a scroll of enchant weapon {unknown}
 g - a scroll of poison {unknown}
 j - a scroll of revelation {unknown}
 k - a scroll of teleportation {unknown}
 l - a scroll of identify {unknown}
 m - a scroll of blinking {unknown}
Potions
 c - a potion of invisibility
 e - a potion of degeneration {unknown}
 f - a potion of attraction {unknown}
 h - 2 potions of heal wounds {unknown}
 i - 2 potions of curing {unknown}


   Skills:
 * Level 1.5 Short Blades
 * Level 3.1 Dodging
 * Level 5.1 Stealth
 + Level 2.8 Spellcasting
 + Level 3.9 Hexes


You had 4 spell levels left.
You knew the following spells:

 Your Spells              Type           Power      Damage    Failure   Level
a - Ensorcelled Hibernat  Hex/Ice        16%        N/A       13%         2

Your spell library contained the following spells:

 Spells                   Type           Power      Damage    Failure   Level
 Confusing Touch          Hex            14%        N/A       12%         3
 Tukima's Dance           Hex            14%        N/A       12%         3
 Dazzling Flash           Conj/Hex       16%        N/A       26%         3
 Call Imp                 Summ           4%         N/A       28%         2
 Lesser Beckoning         Tloc           4%         N/A       28%         2
 Sublimation of Blood     Necr           2%         N/A       28%         2
 Fugue of the Fallen      Necr           2%         N/A       50%         3
 Teleport Other           Tloc           2%         N/A       50%         3
 Anguish                  Hex/Necr       4%         N/A       63%         4
 Maxwell's Portable Pile  Tloc           2%         2d(5-10)  88%         4
 Summon Hydra             Summ           1%         N/A       100%        7


Dungeon Overview and Level Annotations

Branches:
Dungeon (2/15)

Altars:


Innate Abilities, Weirdness & Mutations

You are very small and have problems with some larger weapons.
You are too small for most types of armour.
You have supernaturally acute eyesight. (SInv)
You cover ground extremely quickly. (Speed+++)


Message History

The gnoll hits you from afar with a +0 spear.
There is an open door here.
You hit the gnoll but do no damage. The gnoll barely misses you.
The gnoll closely misses you. The gnoll misses you.
You hit the gnoll.
The gnoll is moderately wounded.
The gnoll hits you with a +0 whip of pain.
You writhe in agony.
The gnoll barely misses you. The gnoll hits you but does no damage.
You completely miss the gnoll.
The gnoll is moderately wounded.
You hit the gnoll.
The gnoll is heavily wounded.
The gnoll hits you but does no damage.
You writhe in agony.
The gnoll misses you. The gnoll barely misses you.
You are too injured to fight recklessly!
You are too injured to fight recklessly!
You are too injured to fight recklessly!
You are too injured to fight recklessly!
The gnoll closely misses you.
Casting: Ensorcelled Hibernation (safe; 13% risk of failure)
Confirm with . or Enter, or press ? or * to list all spells.
Aiming: Ensorcelled Hibernation (safe; 13% risk of failure)
Press: ? - help, Shift-Dir - straight line, f - gnoll
Aim: a gnoll, wielding a +0 whip of pain (chance to affect: 50%)
The gnoll resists with some effort.
Casting: Ensorcelled Hibernation (safe; 13% risk of failure)
Confirm with . or Enter, or press ? or * to list all spells.
Aiming: Ensorcelled Hibernation (safe; 13% risk of failure)
Press: ? - help, Shift-Dir - straight line, f/p - gnoll
Aim: a gnoll, wielding a +0 whip of pain (chance to affect: 50%)
The gnoll looks drowsy...
You fade into invisibility!
The gnoll completely misses you. The gnoll closely misses you.
You catch the helpless gnoll completely off-guard!
You puncture the gnoll!
You kill the gnoll!
The gnoll hits you from afar with a +0 spear!
Ouch! That really hurt!
You die...

#.# .. #.# #. #.#
#. #.# #. #.#
#g#########.#
#.#.........#
######.#.g.......#
.......'.g)@.....#
######.#).g.....##
#.#........#
#.#........#
#.#........#
#.#........#
#.########## #.


You could see 3 gnolls.

Vanquished Creatures
  A gnoll (D:2)
  A dart slug (D:1)
  A ball python (D:1)
  4 bats
  An endoplasm (D:2)
  A goblin (D:1)
  2 hobgoblins (D:2)
  2 jackals (D:1)
  2 kobolds
  4 frilled lizards
  A rat (D:1)
20 creatures vanquished.

Notes
Turn   | Place    | Note
-------+----------+-------------------------------------------
     0 | D:1      | PriceMaster the Spriggan Enchanter began the quest for the
                  | Orb.
     0 | D:1      | Reached XP level 1. HP: 9/9 MP: 5/5
   169 | D:1      | Reached XP level 2. HP: 12/13 MP: 6/6
   469 | D:1      | Reached skill level 5 in Stealth
   674 | D:2      | Learned a level 2 spell: Ensorcelled Hibernation
  1045 | D:2      | Slain by a gnoll

Illustrated notes

Levels and vault maps discovered:
D:1:      minmay_arrival_radiant_lines, layout_basic, hangedman_feature_mirror
D:2:      layout_basic, uniq_crazy_yiuf_cottage

Skill      XL: |  1  2 |
---------------+-------+-----
Stealth        | 5 |  5.1
Dodging        | 3 |  3.1
Short Blades   | |  1.5
Spellcasting   | |  2.8
Hexes          | |  3.9

Action                     || total
---------------------------++-------
  Melee: Dagger            ||    87
   Cast: Ensorcelled Hiber ||     8
    Use: Potion            ||     1
   Stab: Sleeping          ||     5
         Invisible         ||     1
 Armour: Robe              ||    23
  Dodge: Dodged            ||    89

Table legend: (Time is in decaauts)
 A = Elapsed time spent in this place.
 B = Non-inter-level travel time spent in this place.
 C = Inter-level travel time spent in this place.
 D = Time resting spent in this place.
 E = Time spent auto-exploring this place.
 F = Levels seen in this place.
 G = Mean time per level.
                   A        B        C        D        E       F      G
               +--------+--------+--------+--------+--------+-----+--------+
         Total |    714 |    696 |     18 |      0 |    527 |   2 |  357.0 |
       Dungeon |    714 |    696 |     18 |      0 |    527 |   2 |  357.0 |
               +--------+--------+--------+--------+--------+-----+--------+

Top non-repeatable levels by time:
     D:1: 390 daAuts
     D:2: 324 daAuts
